 Dungeon Crawl Stone Soup version 0.16.1-11-g651b585 (webtiles) character file.

34 karlm the Chopper (level 3, -2/34 HPs)
             Began as a Naga Berserker on Apr 2, 2015.
             Was a Follower of Trog.
             Slain by Ijyb
             ... wielding a +3 club
              (3 damage)
             ... on level 2 of the Dungeon.
             The game lasted 00:03:25 (1654 turns).

karlm the Chopper (Naga Berserker)                  Turns: 1654, Time: 00:03:25

Health: -2/34      AC:  2    Str: 20    XL:     3   Next: 31%
Magic:  3/3        EV: 10    Int:  7    God:    Trog [*.....]
Gold:   122        SH:  0    Dex: 10    Spells: 0 memorised, 2 levels left

rFire  . . .     SeeInvis +     a - +0 hand axe
rCold  . . .     Clarity  .     b - +0 animal skin
rNeg   . . .     SustAb   .     (no shield)
rPois  +         Gourm    .     (no helmet)
rElec  .         Spirit   .     (no cloak)
rCorr  .         Warding  .     (no gloves)
rMut   .         Stasis   .     (no barding)
MR     .....                    (no amulet)
Stlth  +.........               (no ring)
                                (no ring)

@: very slow, not resistant to hostile enchantments, very unstealthy
A: spit poison, see invisible, deformed body, poison resistance, slowness 2, AC
+1
a: Spit Poison, Burn Spellbooks, Berserk, Renounce Religion


You were on level 2 of the Dungeon.
You worshipped Trog.
Trog was aware of your devotion.
You were not hungry.

You visited 1 branch of the dungeon, and saw 2 of its levels.

You collected 122 gold pieces.

Inventory:

Hand weapons
 a - a +0 hand axe (weapon)
Missiles
 l - 95 stones (quivered)
Armour
 b - a +0 animal skin (worn)
Magical devices
 m - a wand of flame (20)
Scrolls
 d - a scroll of immolation {unknown}
 e - a scroll of teleportation {unknown}
 f - 4 scrolls of identify {unknown}
 j - 2 scrolls of remove curse {unknown}
 k - 2 scrolls of noise {unknown}
Comestibles
 c - a bread ration
 g - a meat ration


   Skills:
 * Level 3.4 Fighting
 * Level 3.5 Axes
 + Level 1.9 Armour
 + Level 1.9 Dodging


You had 2 spell levels left.
You didn't know any spells.

Dungeon Overview and Level Annotations

Branches:
Dungeon (2/15)

Altars:
Fedhas
Gozag

Annotations:
D:2 Ijyb


Innate Abilities, Weirdness & Mutations

You cannot wear boots.
You can spit poison.
Your serpentine skin is tough (AC +1).
You have supernaturally acute eyesight.
Armour fits poorly on your strangely shaped body.
Your system is resistant to poisons.
You cover ground very slowly.


Message History

Use which ability? (? or * to list)
Press: ? - help, Shift-Dir - straight line, f/p - Ijyb
Aim: Ijyb, wielding an enchanted club (almost dead)
The splash of poison misses Ijyb.
You are starving!
Ijyb hits you with an enchanted club. Ijyb hits you with an enchanted club.
* * * LOW HITPOINT WARNING * * *
You have got your breath back.
Ijyb hits you with an enchanted club.
* * * LOW HITPOINT WARNING * * *
Use which ability? (? or * to list) You're too hungry.
Unknown command.
Eat which item? (? for menu, Esc to quit)
Ijyb hits you with an enchanted club.
* * * LOW HITPOINT WARNING * * *
You continue eating.
Ijyb hits you with an enchanted club.
You die...

.# #.# .# #.# .# #.# .#
######.###### .#
#...........# .#
#...........# .#
#...........# .###
######.########## ...#
#>....@g...############
.#.#
#.######.......).......
...#
#......................
.P.#
########.##.#.....#<#..
_..# #.##.#.###.#.#.#
.P.# #.##.#.# #.#.#.#
...# #.w....###.#.#.#
#### ###...w........# #
#.#.####.#.###


You could see Ijyb.

Vanquished Creatures
  2 adders (D:2)
  A giant cockroach (D:1)
  2 hobgoblins (D:2)
  A jackal (D:1)
  An ooze (D:2)
  3 giant newts
  3 goblins
  A kobold (D:1)
  5 rats
19 creatures vanquished.

Notes
Turn   | Place    | Note
--------------------------------------------------------------
     0 | D:1      | karlm, the Naga Berserker, began the quest for the Orb.
     0 | D:1      | Reached XP level 1. HP: 21/21 MP: 1/1
   506 | D:1      | Reached XP level 2. HP: 20/28 MP: 2/2
  1247 | D:2      | Reached XP level 3. HP: 3/34 MP: 3/3
  1519 | D:2      | Found a blossoming altar of Fedhas.
  1568 | D:2      | Found an opulent altar of Gozag.
  1615 | D:2      | Noticed Ijyb
  1653 | D:2      | HP: 1/34 [Ijyb/enchanted club (3)]
  1654 | D:2      | Slain by Ijyb

Action                   || total
-------------------------++-------
Melee: Hand axe          ||    69
 Abil: Spit Poison       ||    14
  Use: Potion            ||     3
  Eat: Chunk             ||     1
       Bread ration      ||     1
